 Dungeon Crawl Stone Soup version 0.25-a0-617-g20d90ebb82 (webtiles) character file.

Game seed: 15782010323906230844, levelgen mode: deterministic

106 Conn the Magician (level 4, 0/27 HPs)
             Began as an Octopode Wizard on Mar 18, 2020.
             Slain by a bat (1 damage)
             ... on level 2 of the Dungeon.
             The game lasted 00:10:08 (2330 turns).

Conn the Magician (Octopode Wizard)                 Turns: 2330, Time: 00:10:08

Health: 0/27       AC:  1    Str:  7    XL:     4   Next: 84%
Magic:  1/10       EV: 13    Int: 20    God:
Gold:   70         SH:  0    Dex: 10    Spells: 3/11 levels left

rFire    . . .     SeeInvis .   k - +0 dagger (protect)
rCold    . . .     Gourm    .   (no shield)
rNeg     . . .     Faith    .   a - +0 hat
rPois    .         Spirit   .   (no amulet)
rElec    .         Reflect  .   (no ring)
rCorr    .         Harm     .   (no ring)
MR       .....                  (no ring)
Stlth    +++.......             (no ring)
HPRegen  0.09/turn              (no ring)
MPRegen  0.12/turn              (no ring)
                                (no ring)
                                (no ring)

@: brilliant
A: almost no armour, stealthy swim, amphibious, 8 rings, constrict 8, camouflage
1, gelatinous body 1
a: no special abilities


You were on level 2 of the Dungeon.
You were hungry.

You visited 1 branch of the dungeon, and saw 2 of its levels.

You collected 70 gold pieces.

Inventory:

Hand Weapons
 k - a +0 dagger of protection (weapon)
Missiles
 e - 40 bolts
 g - 11 sling bullets
 m - 8 boomerangs (quivered)
Armour
 a - a +0 hat (worn)
Scrolls
 b - 3 scrolls of identify {unknown}
 d - a scroll of remove curse {unknown}
 f - 2 scrolls of enchant weapon {unknown}
 h - a scroll of random uselessness {unknown}
 l - 2 scrolls of teleportation {unknown}
 n - a scroll of noise {unknown}
 o - 2 scrolls of immolation {unknown}
 p - a scroll of amnesia {unknown}
Comestibles
 c - 3 rations
 i - 5 chunks of flesh


   Skills:
 - Level 2.0 Dodging
 - Level 2.6 Stealth
 + Level 4.2 Spellcasting
 * Level 2.4 Conjurations
 * Level 1.2 Summonings
 * Level 1.4 Translocations
 * Level 0.6 Fire Magic


You had 3 spell levels left.
You knew the following spells:

 Your Spells              Type           Power        Failure   Level  Hunger
a - Magic Dart            Conj           ###.         4%          1    None
b - Blink                 Tloc           N/A          11%         2    None
c - Call Imp              Summ           ##......     12%         2    None
d - Conjure Flame         Conj/Fire      ###.....     21%         3    None

Your spell library contained the following spells:

 Spells                   Type           Power        Failure   Level  Hunger
 Slow                     Hex            #.......     19%         2    None
 Mephitic Cloud           Conj/Pois/Air  ##......     26%         3    None


Dungeon Overview and Level Annotations

Branches:
Dungeon (2/15)

Altars:


Innate Abilities, Weirdness & Mutations

You cannot wear most types of armour.
You are very stealthy in the water. (Stealth+)
You are amphibious.
You can wear up to eight rings at the same time.
You can use your tentacles to constrict eight enemies at once.
Your skin changes colour to match your surroundings (Stealth+).
Your rubbery body absorbs attacks. (AC +1, EV +1)


Message History

Unknown command.
Unknown command.
Unknown command.
You closely miss the bat. You grab the bat. You constrict the bat.
The bat closely misses you.
The bat escapes!
The bat barely misses you. The bat closely misses you. x2
The bat hits you but does no damage. The bat hits you but does no damage.
The jackal closely misses you. The bat hits you.
* * * LOW HITPOINT WARNING * * *
A hobgoblin comes into view. It is wielding a +0 club.
The bat misses you.
Casting: Blink (safe; 11% risk of failure)
Confirm with . or Enter, or press ? or * to list all spells.
Okay, then.
It was a potion of brilliance.
You feel clever all of a sudden. The bat hits you.
You die...

.....# #..[............
.....########.<...#.........
...<.)..........w.#.###.####
..########..#....5#.# ...
..# #.##.....#.# ... .##
#.##.....#.# (.# ##
#.######.#.. ... # #.#
#bh#.. .l# #@## #.###.g..#
## .. #.#### .# .# .. .##
#.##.. ..# ##..##. ..#
#..###.. ..###.#.....
.............


You could see a jackal, a hobgoblin, a bat and a friendly shadow imp.

Vanquished Creatures
  Terence (D:2)
  2 adders (D:2)
  3 gnolls (D:2)
  A leopard gecko (D:1)
  6 giant cockroaches
  7 goblins
  5 hobgoblins
  2 jackals (D:2)
  7 kobolds
  A quokka (D:2)
  2 bats
  4 frilled lizards
  5 rats (D:1)
46 creatures vanquished.

Vanquished Creatures (collateral kills)
  An adder (D:2)
  2 kobolds (D:2)
  A bat (D:2)
4 creatures vanquished.

Grand Total: 50 creatures vanquished

Notes
Turn   | Place    | Note
-------+----------+-------------------------------------------
     0 | D:1      | Conn the Octopode Wizard began the quest for the Orb.
     0 | D:1      | Reached XP level 1. HP: 11/11 MP: 4/4
   206 | D:1      | Reached XP level 2. HP: 17/17 MP: 0/6
   212 | D:1      | Learned a level 2 spell: Blink
   215 | D:1      | Learned a level 2 spell: Call Imp
   996 | D:1      | Reached XP level 3. HP: 12/21 MP: 0/8
  1343 | D:1      | Learned a level 3 spell: Conjure Flame
  1493 | D:2      | Reached skill level 4 in Spellcasting
  1867 | D:2      | Reached XP level 4. HP: 16/27 MP: 1/10
  2004 | D:2      | Noticed Terence
  2047 | D:2      | Killed Terence
  2321 | D:2      | HP: 1/27 [jackal (3)]
  2328 | D:2      | HP: 1/27 [bat (1)]
  2330 | D:2      | Slain by a bat

Levels and vault maps discovered:
D:1:      lightli_arrival_statue_moat, layout_loops_ring
D:2:      minmay_recursive_quarters, layout_rooms, uniq_terence

Skill      XL: |  1  2  3  4 |
---------------+-------------+-----
Spellcasting   | 4 |  4.2
Conjurations   | 2 |  2.4
Dodging        | |  2.0
Stealth        | |  2.6
Summonings     | |  1.2
Translocations | |  1.4
Fire Magic     | |  0.6

Action                   |  1- 3 |  4- 6 || total
-------------------------+-------+-------++-------
Melee: Unarmed           |    29 |       ||    29
       Constrict         |    15 |    11 ||    26
       Tentacles         |     8 |     6 ||    14
       Dagger            |    21 |    41 ||    62
Throw: Boomerang         |       |     6 ||     6
 Cast: Magic Dart        |    50 |     9 ||    59
       Call Imp          |     6 |     5 ||    11
       Conjure Flame     |       |     3 ||     3
       Blink             |       |     1 ||     1
  Use: Potion            |       |     1 ||     1
 Stab: Sleeping          |     5 |       ||     5
       Distracted        |       |     1 ||     1
  Eat: Chunk             |     3 |     1 ||     4
Armor: Skin              |    10 |    21 ||    31
Dodge: Dodged            |    39 |    69 ||   108

Table legend:
 A = Non-vault XP
 B = Vault XP
 C = Vault XP percentage of total XP
 D = Non-vault monster count
 E = Vault monster count
 F = Vault count percentage of total count
                 A         B        C        D         E       F
            +---------+---------+-------+---------+---------+-------
      Total |     117 |      35 |  23.0 |      44 |       6 |  12.0
            +---------+---------+-------+---------+---------+-------
        D:1 |      44 |       0 |   0.0 |      27 |       0 |   0.0
        D:2 |      73 |      35 |  32.4 |      17 |       6 |  26.1
            +---------+---------+-------+---------+---------+-------
